 Dungeon Crawl Stone Soup version 0.30-a0-586-g23e55c9e0a (webtiles) character file.

Game seed: 637877542094459674

219 PyroL the Changer (level 5, -1/49 HPs)
             Began as an Octopode Transmuter on Jan 3, 2023.
             Splashed by a jelly's acid (7 damage)
             ... on level 2 of the Dungeon.
             The game lasted 00:02:53 (1800 turns).

PyroL the Changer (Octopode Transmuter)             Turns: 1800, Time: 00:02:54

Health: -1/49      AC:  6    Str:  9    XL:     5   Next: 96%
Magic:  5/8        EV:  2    Int: 18    God:
Gold:   127        SH:  0    Dex: 12    Spells: 2/8 levels left

rFire   . . .      SeeInvis .      - Unarmed
rCold   . . .      Faith    .    (no shield)
rNeg    . . .      Spirit   .    (helmet currently unavailable)
rPois   +          Reflect  .    (no amulet)
rElec   .          Harm     .    (no ring)
rCorr   .          Rampage  .    (no ring)
Will    .....      NoTele   +    (no ring)
Stlth   +                        (no ring)
HPRegen 0.28/turn                (no ring)
MPRegen 0.11/turn                (no ring)
                                 (no ring)
                                 (no ring)

@: tree-form, corroded
A: stationary, stasis, torment immunity, boosted hp, almost no armour,
(amphibious), 8 rings, (camouflage 1), (gelatinous body 1), (nimble swimmer 1),
(tentacles)
a: no special abilities


You were on level 2 of the Dungeon.
You were a tree.
You visited 1 branch of the dungeon, and saw 2 of its levels.

You collected 127 gold pieces.

Inventory:

Potions
 f - a potion of ambrosia {unknown}


   Skills:
 - Level 1.0 Fighting
 - Level 2.0 Dodging
 * Level 3.0 Unarmed Combat
 - Level 2.0 Spellcasting
 + Level 5.3 Transmutations
 - Level 3.0 Poison Magic


You had 2 spell levels left.
You knew the following spells:

 Your Spells              Type           Power      Damage    Failure   Level
a - Beastly Appendage     Tmut           40%        N/A       1%          1
b - Wereblood             Tmut           20%        N/A       3%          2
c - Spider Form           Tmut/Pois      16%        N/A       10%         3

Your spell library contained the following spells:

 Spells                   Type           Power      Damage    Failure   Level
 Ice Form                 Ice/Tmut       11%        N/A       52%         4


Dungeon Overview and Level Annotations

Branches:
Dungeon (2/15)

Altars:

Shops:
D:2 *


Innate Abilities, Weirdness & Mutations

You are a tree.
Your roots penetrate the ground, keeping you stationary.
You cannot be teleported.
You are immune to unholy pain and torment.
Your maximum health is greatly increased.
You cannot wear most types of armour.
((You are amphibious.))
You can wear up to eight rings at the same time.
((Your skin changes colour to match your surroundings (Stealth+).))
((Your rubbery body absorbs attacks. (AC +1, EV +1)))
((You are camouflaged when in or above water. (Stealth+)))
((You have tentacles for arms and can constrict up to eight enemies at once.))


Message History

You hit the jelly.
Your front legs burn!
The jelly is moderately wounded.
The jelly closely misses you.
You hit the jelly. The acid corrodes you!
Your front legs burn!
The jelly is heavily wounded.
The jelly completely misses you.
You hit the jelly but do no damage.
Your front legs burn!
The jelly is heavily wounded.
The jelly closely misses you.
You hit the jelly but do no damage.
Your front legs burn!
* * * LOW HITPOINT WARNING * * *
The jelly is heavily wounded.
The jelly hits you.
* * * LOW HITPOINT WARNING * * *
The acid corrodes you!
You are splashed with acid!
* * * LOW HITPOINT WARNING * * *
You feel much better.
The jelly jiggles.
The jelly hits you. The acid corrodes you!
You are splashed with acid!
* * * LOW HITPOINT WARNING * * *
You hit the jelly but do no damage.
Your front legs burn!
* * * LOW HITPOINT WARNING * * *
The jelly is heavily wounded.
The jelly misses you.
Really quaff the potion of lignification?
Your transformation has ended.
You turn into a tree.
Your roots penetrate the ground.
The jelly hits you but does no damage.
You hit the jelly but do no damage.
Your branches burn!
* * * LOW HITPOINT WARNING * * *
The jelly is heavily wounded.
The jelly hits you but does no damage.
You smack the jelly!
The acid corrodes you!
Your branches burn!
* * * LOW HITPOINT WARNING * * *
The jelly is severely wounded.
The jelly hits you but does no damage.
It was a potion of curing.
You feel better. The jelly hits you.
* * * LOW HITPOINT WARNING * * *
You are splashed with acid!
You die...

## #. #.....# #.....)...+. #.#
#.....# #...)....... #..# #.....#
#..#........ #..##...###
#..#P.P...#. #..#...#
#..#P######. #######.#.[.########
#...........
............+......###.##########
............######.#...##########
...............J♣..#.###.........
.....................###.........
.................................
.........#.........#.............
...................#.............
.........######..###.....########
............# #.## #.....# #....
............###.# #.....# #...÷
#########...##..####.....## #....


You could see a jelly.

Vanquished Creatures
  Sigmund (D:2)
  An adder (D:2)
  2 ball pythons
  3 endoplasms
  2 giant cockroaches (D:1)
  3 goblins
  A hobgoblin (D:2)
  7 jackals
  A quokka (D:1)
  4 bats
  4 frilled lizards
  8 kobolds
  A rat (D:1)
38 creatures vanquished.

Vanquished Creatures (others)
  7 plants (D:1)
7 creatures vanquished.

Grand Total: 45 creatures vanquished

Notes
Turn   | Place    | Note
-------+----------+-------------------------------------------
     0 | D:1      | PyroL the Octopode Transmuter began the quest for the Orb.
     0 | D:1      | Reached XP level 1. HP: 13/13 MP: 3/3
    39 | D:1      | Found a faded altar of an unknown god.
   182 | D:1      | Reached skill level 1 in Poison Magic
   259 | D:1      | Reached XP level 2. HP: 13/18 MP: 3/5
   334 | D:1      | Learned a level 2 spell: Wereblood
   870 | D:1      | Reached XP level 3. HP: 11/23 MP: 1/6
  1118 | D:1      | Learned a level 3 spell: Spider Form
  1247 | D:2      | Noticed Sigmund
  1248 | D:2      | Found Tiuruwup's General Store.
  1266 | D:2      | Reached skill level 3 in Transmutations
  1277 | D:2      | Killed Sigmund
  1278 | D:2      | Reached skill level 5 in Transmutations
  1278 | D:2      | Reached XP level 4. HP: 22/28 MP: 3/7
  1278 | D:2      | Reached XP level 5. HP: 26/33 MP: 3/8
  1799 | D:2      | HP: 2/49 [acid (2)]
  1800 | D:2      | Splashed by a jelly's acid

Illustrated notes

Levels and vault maps discovered:
D:1:      dpeg_arrival_erosion, layout_loops_ring,
          ebering_ecumenical_altar_abandoned, lexackson_kobold_supper
D:2:      cheibrodos_old_hovel, layout_basic, serial_shops,
          nicolae_diamond_shop, minmay_pentomino_x2, uniq_terence, uniq_sigmund

Skill      XL: |  1  2  3 |
---------------+----------+-----
Poison Magic   | 1 2 3 |  3.0
Transmutations | 5 |  5.3
Fighting       | |  1.0
Dodging        | |  2.0
Unarmed Combat | |  3.0
Spellcasting   | |  2.0

Action                   |  1- 3 |  4- 6 || total
-------------------------+-------+-------++-------
Melee: Unarmed           |    75 |    19 ||    94
       Kick              |    25 |     1 ||    26
       Constrict         |    21 |     3 ||    24
       Tentacles         |     9 |     4 ||    13
       Punch             |     4 |       ||     4
 Cast: Beastly Appendage |    18 |     6 ||    24
       Wereblood         |     2 |       ||     2
       Spider Form       |       |     1 ||     1
  Use: Potion            |     1 |     3 ||     4
       Scroll            |       |     3 ||     3
 Stab: Sleeping          |     4 |       ||     4
Armor: Skin              |     6 |     3 ||     9
Dodge: Dodged            |    58 |    13 ||    71

Table legend: (Time is in decaauts)
 A = Elapsed time spent in this place.
 B = Non-inter-level travel time spent in this place.
 C = Inter-level travel time spent in this place.
 D = Time resting spent in this place.
 E = Time spent auto-exploring this place.
 F = Levels seen in this place.
 G = Mean time per level.
                   A        B        C        D        E       F      G
               +--------+--------+--------+--------+--------+-----+--------+
         Total |   1794 |   1771 |     23 |    119 |   1354 |   2 |  897.0 |
       Dungeon |   1794 |   1771 |     23 |    119 |   1354 |   2 |  897.0 |
               +--------+--------+--------+--------+--------+-----+--------+

Top non-repeatable levels by time:
     D:1: 1139 daAuts
     D:2: 655 daAuts
